 Seeded DCSS version 0.28.0-53-g5a82cb258f (webtiles) character file.

Game seed: 20220717 (custom seed)

43 Kazon the Skirmisher (level 3, -1/20 HPs)
             Began as a Vine Stalker Fighter on July 28, 2022.
             Succumbed to a hobgoblin's poison
             ... on level 2 of the Dungeon.
             The game lasted 00:02:59 (1076 turns).

Kazon the Skirmisher (Vine Stalker Fighter)         Turns: 1076, Time: 00:03:00

Health: -1/20      AC:  6    Str: 20    XL:     3   Next: 58%
Magic:  4/4        EV:  9    Int:  8    God:
Gold:   30         SH:  4    Dex: 13    Spells: 2/2 levels left

rFire   . . .      SeeInvis .   l - +0 whip (venom)
rCold   + . .      Faith    .   c - +0 buckler
rNeg    . . .      Spirit   +   b - +0 scale mail
rPois   .          Reflect  .   (no helmet)
rElec   .          Harm     .   (no cloak)
rCorr   .          Rampage  .   (no gloves)
Will    .....                   (no boots)
Stlth   ..........              (no amulet)
HPRegen 0.06/turn               n - ring of protection from cold
MPRegen 0.09/turn               (no ring)

@: lethally poisoned (-1 -> -15)
A: fangs 2, magic shield, antimagic bite, no potion heal 2
a: no special abilities


You were on level 2 of the Dungeon.
You visited 1 branch of the dungeon, and saw 2 of its levels.

You collected 30 gold pieces.

Inventory:

Hand Weapons
 a - a +0 long sword
 k - a +3 dagger of draining
 l - a +0 whip of venom (weapon)
Missiles
 e - 23 stones (quivered)
Armour
 b - a +0 scale mail (worn)
 c - a +0 buckler (worn)
 o - a scarf of harm
Jewellery
 n - a ring of protection from cold (left hand)
Scrolls
 f - 2 scrolls of teleportation {unknown}
 h - a scroll of amnesia {unknown}
 i - a scroll of identify {unknown}
Potions
 d - a potion of might
 g - 2 potions of heal wounds {unknown}
 j - a potion of attraction {unknown}
 m - a potion of curing {unknown}


   Skills:
 + Level 3.3 Fighting
 + Level 2.2 Long Blades
 + Level 0.2 Throwing
 + Level 2.7 Armour
 + Level 0.2 Dodging
 + Level 2.9 Shields


You had 2 spell levels left.
You didn't know any spells.
Your spell library contained the following spells:

 Spells                   Type           Power      Damage    Failure   Level
 Magic Dart               Conj           0%         1d3       86%         1
 Call Imp                 Summ           0%         N/A       94%         2
 Mephitic Cloud           Conj/Pois/Air  0%         N/A       99%         3


Dungeon Overview and Level Annotations

Branches:
Dungeon (2/15)

Altars:


Innate Abilities, Weirdness & Mutations

You have extremely sharp teeth.
When hurt, damage is shared between your health and your magic reserves.
Your bite disrupts and absorbs the magic of your enemies.
Potions cannot restore your health.


Message History

Unknown command.
Throw: 25 stones
Press: ? - help, Q - select action Shift-Dir - straight line, f/p - hobgoblin
Aim: a hobgoblin (lightly wounded, 57% to hit)
You throw a stone. The stone hits the hobgoblin.
The hobgoblin is moderately wounded.
Unknown command.
Throw: 24 stones
Press: ? - help, Q - select action Shift-Dir - straight line, f/p - hobgoblin
Aim: a hobgoblin (moderately wounded, 57% to hit)
You throw a stone. The stone closely misses the hobgoblin.
The rat closely misses you.
Unknown command.
You hit the rat.
You kill the rat!
You block the hobgoblin's attack. The hobgoblin misses you.
You barely miss the hobgoblin.
The hobgoblin is moderately wounded.
The hobgoblin misses you.
A hobgoblin comes into view. It is quivering poisoned darts.
You completely miss the hobgoblin. You bite the hobgoblin.
You kill the hobgoblin!
The hobgoblin throws a poisoned dart.
The poisoned dart hits you!
You are poisoned.
Found a stone staircase leading up.
You feel very sick.
You feel sick.
The hobgoblin throws a poisoned dart.
The poisoned dart hits you!
You are lethally poisoned!
You feel very sick.
The hobgoblin throws a poisoned dart.
The poisoned dart hits you!
You are more poisoned.
You feel very sick.
You closely miss the hobgoblin.
* * * LOW HITPOINT WARNING * * *
You feel very sick. The hobgoblin hits you.
* * * LOW HITPOINT WARNING * * *
You completely miss the hobgoblin.
You die...

#..# .. #..# #.
#..# #.. #..##
#..####...####
###......(†....#
.....(..(.†....#
...<.(((....<..#
#....g@.......#
##.######....##
#....# #....#
#....# #....#
#....# ....#


You could see a hobgoblin.

Vanquished Creatures
  A gnoll (D:1)
  2 dart slugs (D:1)
  4 ball pythons (D:1)
  2 giant cockroaches (D:1)
  2 goblins (D:1)
  2 hobgoblins
  3 jackals (D:1)
  A kobold (D:1)
  A quokka (D:1)
  4 bats (D:1)
  2 frilled lizards
  4 rats
28 creatures vanquished.

Notes
Turn   | Place    | Note
-------+----------+-------------------------------------------
     0 | D:1      | Kazon the Vine Stalker Fighter began the quest for the Orb.
     0 | D:1      | Reached XP level 1. HP: 11/11 MP: 2/2
    42 | D:1      | Reached XP level 2. HP: 4/16 MP: 1/3
   303 | D:1      | Reached skill level 3 in Fighting
   682 | D:1      | Reached XP level 3. HP: 15/20 MP: 2/4
  1076 | D:2      | Succumbed to a hobgoblin's poison

Illustrated notes

Levels and vault maps discovered:
D:1:      minmay_arrival_loop, layout_basic, minmay_octomino_e4
D:2:      layout_rooms, shapermc_ecumenical_altar_acropolis, uniq_terence

Skill      XL: |  1  2 |
---------------+-------+-----
Fighting       | 3 |  3.3
Long Blades    | 2 |  2.2
Throwing       | |  0.2
Armour         | |  2.7
Dodging        | |  0.2
Shields        | |  2.9

Action                   || total
-------------------------++-------
Melee: Long sword        ||    31
       Bite              ||    14
       Whip              ||    36
Throw: Stone             ||    19
Armor: Scale mail        ||    27
Dodge: Dodged            ||    29
Block: Buckler           ||    18
